 Dungeon Crawl Stone Soup version 0.27.1-37-g7b29ead8ac (console) character file.

Game seed: 8441945780210804708

57 grimtooth the Sneak (level 4, -1/36 HPs)
             Began as a Kobold Enchanter on Mar 14, 2023.
             Slain by a hornet zombie (5 damage)
             ... on level 6 of the Dungeon.
             The game lasted 00:08:52 (3326 turns).

grimtooth the Sneak (Kobold Enchanter)              Turns: 3326, Time: 00:08:53

Health: -1/36      AC: 22    Str:  6    XL:     4   Next: 18%
Magic:  7/7        EV:  3    Int: 16    God:
Gold:   62         SH:  5    Dex: 15    Spells: 1/7 levels left

rFire    . . .     SeeInvis .   (weapon restricted)
rCold    . . .     Faith    .   (shield restricted)
rNeg     + + +     Spirit   .   (armour currently unavailable)
rPois    +         Reflect  +   (helmet currently unavailable)
rElec    .         Harm     .   (cloak currently unavailable)
rCorr    .         Rampage  .   (gloves currently unavailable)
Will     .....     NoTele   +   (boots currently unavailable)
Stlth    ++++......             h - amulet of reflection
HPRegen  0.12/turn              (no ring)
MPRegen  0.10/turn              (no ring)

@: tree-form
A: stationary, stasis, torment immunity, boosted hp, small, no large weapons,
nightstalker 3
a: no special abilities


You were on level 6 of the Dungeon.
You were a tree.
You visited 1 branch of the dungeon, and saw 4 of its levels.

You collected 62 gold pieces.

Inventory:

Hand Weapons
 a - a +1 dagger
 b - a +2 hunting sling of flaming
Missiles
 c - 104 stones (quivered)
 j - 5 boomerangs of dispersal
 m - 23 sling bullets
Armour
 f - a +0 robe (melded)
 o - a +0 helmet (melded)
Jewellery
 h - an amulet of reflection (around neck)
Scrolls
 d - 2 scrolls of amnesia {unknown}
 g - 2 scrolls of identify {unknown}
 i - a scroll of torment {unknown}
 k - a scroll of teleportation {unknown}
 p - 2 scrolls of holy word {unknown}
 r - a scroll of enchant armour {unknown}
Potions
 e - a potion of invisibility {unknown}
 l - a potion of magic {unknown}
 q - a potion of attraction {unknown}


   Skills:
 - Level 1.3 Short Blades
 - Level 2.4 Dodging
 + Level 5.0 Stealth
 - Level 2.1 Spellcasting
 * Level 4.2 Hexes


You had one spell level left.
You knew the following spells:

 Your Spells              Type           Power      Damage    Failure   Level
a - Corona                Hex            16%        N/A       3%          1
e - Ensorcelled Hibernat  Hex/Ice        16%        N/A       13%         2
z - Confusing Touch       Hex            15%        N/A       11%         3

Your spell library contained the following spells:

 Spells                   Type           Power      Damage    Failure   Level
 Tukima's Dance           Hex            15%        N/A       11%         3
 Dazzling Flash           Conj/Hex       16%        N/A       26%         3


Dungeon Overview and Level Annotations

Branches:
Dungeon (3/15)

Altars:
Hepliaklqana
Xom

Shops:
D:3 =

Annotations:
D:2 exclusions: gnoll and 1 more exclusion


Innate Abilities, Weirdness & Mutations

You are a tree.
Your roots penetrate the ground, keeping you stationary.
You cannot be teleported.
You are immune to unholy pain and torment.
Your maximum health is greatly increased.
Your equipment is partially melded.
You are small and have problems with some larger weapons.
You are completely attuned to the shadows.


Message History

The hornet zombie is heavily damaged.
The hornet zombie hits you but does no damage.
You hit the hornet zombie.
The hornet zombie is heavily damaged.
The hornet zombie stops glowing.
You block the hornet zombie's attack.
The hornet zombie hits you but does no damage.
You hit the hornet zombie but do no damage.
The hornet zombie is heavily damaged.
The hornet zombie hits you but does no damage.
You hit the hornet zombie but do no damage.
The hornet zombie is heavily damaged.
The hornet zombie hits you but does no damage.
You hit the hornet zombie but do no damage.
The hornet zombie is heavily damaged.
The hornet zombie hits you but does no damage. x2
You hit the hornet zombie but do no damage.
The hornet zombie is heavily damaged.
The hornet zombie hits you but does no damage.
You hit the hornet zombie but do no damage.
The hornet zombie is heavily damaged.
The hornet zombie hits you but does no damage.
You hit the hornet zombie.
The hornet zombie is severely damaged.
The hornet zombie hits you but does no damage.
The hornet zombie hits you!
* * * LOW HITPOINT WARNING * * *
You hit the hornet zombie but do no damage.
The hornet zombie is severely damaged.
You block the hornet zombie's attack.
You barely miss the hornet zombie.
The hornet zombie is severely damaged.
The hornet zombie hits you but does no damage.
You barely miss the hornet zombie.
The hornet zombie is severely damaged.
The hornet zombie hits you but does no damage.
You barely miss the hornet zombie.
The hornet zombie is severely damaged.
The hornet zombie hits you but does no damage.
The hornet zombie hits you.
You die...

.5.. #......
#......
..####......
....♣Z......
######.....h
#######


You could see a hornet zombie.

Vanquished Creatures
  An adder (D:3)
  A worm (D:3)
  A dart slug (D:3)
  An orc (D:3)
  4 ball pythons
  5 endoplasms
  A giant cockroach (D:1)
  3 goblins
  5 hobgoblins
  2 quokkas (D:1)
  4 bats
  4 frilled lizards
  4 kobolds
  A rat (D:2)
37 creatures vanquished.

Vanquished Creatures (others)
  2 fungi (D:2)
  A plant (D:2)
3 creatures vanquished.

Grand Total: 40 creatures vanquished

Notes
Turn   | Place    | Note
-------+----------+-------------------------------------------
     0 | D:1      | grimtooth the Kobold Enchanter began the quest for the Orb.
     0 | D:1      | Reached XP level 1. HP: 10/10 MP: 3/3
   329 | D:1      | Reached XP level 2. HP: 13/15 MP: 1/5
  1288 | D:2      | Reached XP level 3. HP: 10/19 MP: 6/6
  2361 | D:2      | Found a faded altar of an unknown god.
  2501 | D:3      | Learned a level 3 spell: Confusing Touch
  2504 | D:3      | Learned a level 2 spell: Ensorcelled Hibernation
  2777 | D:3      | Found Rynteokh's Jewellery Emporium.
  2818 | D:3      | Reached XP level 4. HP: 23/24 MP: 7/7
  2839 | D:3      | Reached skill level 5 in Stealth
  3057 | D:3      | Found a hazy altar of Hepliaklqana.
  3058 | D:3      | Found a shimmering altar of Xom.
  3059 | D:3      | Noticed a spectral ugly thing
  3299 | D:3      | You fall into a shaft and drop 3 floors!
  3326 | D:6      | Slain by a hornet zombie

Illustrated notes

Levels and vault maps discovered:
D:1:      dpeg_arrival_tiny_g, layout_basic
D:2:      layout_loops_ring, shapermc_ecumenical_altar_acropolis
D:3:      layout_basic, regret_index_temple_of_mockery, serial_shops,
          nicolae_shop_statue_plus
D:6:      layout_basic, hangedman_ru_absence, old_standard_altar,
          minmay_shop_grid_forest, chequers_avenue, uniq_menkaure

Skill      XL: |  1  2  3  4 |
---------------+-------------+-----
Hexes          | 4 |  4.2
Stealth        | 5 |  5.0
Short Blades   | |  1.3
Dodging        | |  2.4
Spellcasting   | |  2.1

Action                   |  1- 3 |  4- 6 || total
-------------------------+-------+-------++-------
Melee: Dagger            |    87 |    11 ||    98
       Unarmed           |       |    18 ||    18
 Fire: Hunting sling     |     9 |       ||     9
 Cast: Corona            |    11 |     1 ||    12
  Use: Potion            |       |     1 ||     1
 Stab: Sleeping          |    17 |     1 ||    18
Armor: Robe              |    27 |     3 ||    30
       Skin              |       |    18 ||    18
Dodge: Dodged            |    64 |     4 ||    68
Block: Other             |    14 |     5 ||    19
       Reflection        |     1 |       ||     1
